Unix NetHack Version 3.7.0-53 Work-in-progress - last build Apr 11 2022 03:59:15 (1e4a17dd8e4cd83bd3ef5d46a59529246cfc2aae,branch:master). Game began 2022-04-14 08:08:57, ended 2022-04-14 09:33:23. elenmirie, neutral female human Tourist --------- ----- |....--.-- ---- ---- --...-- ---- ---|. |[....| --..| --..| ---.....| -----..--- --.-----.....| --...| |..-- |.......---..|.....-- |....|.......| |..|.| --#- -----.| |.--................| --(.........-- |.-|.| -#- --..#--------..--.--------......--.--....| --..........| |.||.| --.. |..)....--.|.......|...............|--..-- |...---.....- ----.||.| |...#|....................------.....---- ---- --...| --......| |....||.| |....#..................a..--- -------------- --....| ----...| |....||.| |....[.#[)........|.-........| |*...().---.....---- |..-- ---..--.| --....-..........-|.........e-- |...---).[.........-- ---- |.....| --....|.--.......--....).....| ---.-----.[...........--.| --*...| --..------.......|--).......| |...| |.................| --....| ---- --.*....-- |-....---- |.--- |................-- |.<...| |......-- |.....| ---.| |-...............-- |..--.| --.....--- |..a.-------...| --......%..........-- -----.----------------.......| ---@..........-- |...................| |....................>.|.%| -----------..| |..........(........| |..--------------..-------- ---- --.|.|.--..|.--.--.-- ---- ---- ------------- -- -- Elenmirie the Excursionist St:11 Dx:11 Co:17 In:15 Wi:7 Ch:17 Neutral Dlvl:4 $:1198 HP:0(58) Pw:26(26) AC:9 Xp:6/488 T:5478 Burdened Latest messages: You have a little trouble lifting P - a silver wand. You see here a dagger. You have a little trouble lifting L - a dagger. There is a grave here. Something is engraved here on the headstone. You read: "Wolf4268, killed by a gnome". There are several objects here. You have a little trouble lifting Q - 3 mangos. You have a little trouble lifting S - a key. You have a little trouble lifting T - a stethoscope. Coco drops a hooded cloak. In what direction? h There is a grave here. Something is engraved here on the headstone. You read: "Wolf4268, killed by a gnome". There are several objects here. You see here a gray stone. Coco drops a bow. You have a little trouble lifting U - a gray stone. What do you want to rub? [tU or ?*] U What do you want to rub on the stone? [$a-dfgi-ln-pr-uwyzA-UYZ or ?*] a "scritch, scritch" What do you want to call? [dfirtuwyzA-DFGJKM-PRSUYZ or ?*] U Call a gray stone: touch What do you want to drop? [$a-dfgi-ln-pr-uwyzA-UYZ or ?*] U You drop a stone called touch. There is a grave here. Something is engraved here on the headstone. You read: "Wolf4268, killed by a gnome". There are several objects here. In what direction? k The dart misses the killer bee. You hit the killer bee. The killer bee stings! The killer bee stings! You miss the killer bee. The killer bee stings! The killer bee's sting was poisoned! The killer bee stings! You miss the killer bee. The killer bee stings! The killer bee stings! The killer bee stings! The killer bee's sting was poisoned! You die... Do you want your possessions identified? [ynq] (y) y Do you want to see your attributes? [ynq] (y) y Do you want an account of creatures vanquished? [ynaq] (y) y Do you want to see your conduct and achievements? [ynq] (y) y Do you want to see the dungeon overview? [ynq] (y) y Major events: Turn 1: elenmirie the neutral female human Tourist entered the dungeon 1283: entered the Gnomish Mines 1541: attained the rank of Sightseer (level 3) 5014: attained the rank of Excursionist (level 6) 5329: destroyed Wolf4268's ghost, the former Rhizotomist 5478: killed by a killer bee Inventory: Coins $ - 1198 gold pieces Amulets f - an uncursed amulet of unchanging (being worn) Weapons a - 15 uncursed +2 darts (at the ready) L - 14 uncursed +0 daggers I - an uncursed +0 elven dagger (weapon in hand) E - a blessed +0 spear Armor C - an uncursed +0 orcish helm (being worn) B - a cursed +1 pair of leather gloves K - a cursed +0 pair of leather gloves D - a cursed +0 pair of jumping boots J - an uncursed +0 dwarvish cloak (being worn) F - a cursed +1 oilskin cloak j - an uncursed +0 Hawaiian shirt with a ukulele motif (being worn) Comestibles Q - 3 cursed mangos g - an uncursed apple s - 5 cursed apples o - 2 cursed food rations c - an uncursed fortune cookie H - a cursed lembas wafer p - a cursed sprig of wolfsbane b - 3 uncursed tripe rations n - 3 uncursed tripe rations Potions M - a cursed potion of booze z - a cursed potion of see invisible Rings r - a cursed ring of hunger Wands u - an uncursed wand of fire (0:3) y - an uncursed wand of make invisible (0:6) N - a cursed wand of sleep (0:7) P - a cursed wand of sleep (0:5) O - a cursed wand of sleep (0:3) R - an uncursed wand of striking (0:6) Z - an uncursed wand of undead turning (0:5) Tools A - an empty uncursed bag of holding w - an uncursed sack containing 29 items l - an uncursed credit card k - an uncursed expensive camera (0:51) Y - an uncursed skeleton key S - a cursed skeleton key T - a cursed stethoscope d - an uncursed tallow candle G - a cursed tallow candle i - a cursed tin whistle Gems/Stones t - a cursed flint stone Contents of the sack: 1519 gold pieces a cursed scroll of confuse monster a cursed scroll of create monster a cursed scroll of destroy armor 2 cursed scrolls of enchant armor an uncursed scroll of enchant weapon a blessed scroll of identify 2 uncursed scrolls of identify 3 cursed scrolls of identify 2 uncursed scrolls of light 4 uncursed scrolls of magic mapping 5 cursed scrolls of magic mapping a cursed scroll of remove curse an uncursed scroll of scare monster a cursed scroll of stinking cloud 2 cursed scrolls of teleportation a cursed spellbook of stone to flesh a cursed spellbook of stone to flesh a cursed potion of acid a cursed potion of booze an uncursed potion of extra healing a cursed potion of fruit juice an uncursed potion of gain ability a blessed potion of gain energy a cursed potion of hallucination a cursed potion of levitation an uncursed potion of object detection an uncursed potion of paralysis a cursed potion of sleeping Elenmirie the Tourist's attributes: Background: You were an Excursionist, a level 6 female human Tourist. You were neutral, nominally on a mission for The Lady who was opposed by Blind Io (lawful) and Offler (chaotic). You were in the Gnomish Mines, on level 4. You entered the dungeon 5478 turns ago. You had 488 experience points, 152 more were needed to attain level 7. Basics: You had 0 out of 58 hit points. You had all 26 energy points (spell power). Your armor class was 9. Your wallet contained 1198 zorkmids. Autopickup was on for '$' plus thrown. Final Characteristics: Your strength was 11 (peak:12, limit:18/100). Your dexterity was 11 (limit:18). Your constitution was 17 (limit:18). Your intelligence was 15 (limit:18). Your wisdom was 7 (limit:18). Your charisma was 17 (limit:18). Final Status: You were not hungry. You were burdened; movement was slightly slowed. You were wielding a dagger. You were skilled in dagger. Final Attributes: You were piously aligned. You were warded. You could not change from your current form. You are dead. Miscellaneous: You encountered 1 bones level. Total elapsed playing time was 1 hour, 24 minutes and 23 seconds. Vanquished creatures: a ghost a mountain nymph a rock piercer a rock mole a shrieker 4 gnome leaders a gnomish wizard 6 dwarves a kobold leader 4 hill orcs 2 giant bats 3 orc zombies a dwarf zombie 2 werejackals 3 iguanas an acid blob a coyote a gas spore 4 hobbits a large kobold a giant rat a cave spider a red mold 17 gnomes 4 geckos 16 jackals 3 kobolds 3 goblins a sewer rat 9 grid bugs 2 bats a kobold zombie 11 newts 110 creatures vanquished. No species were genocided or became extinct. Voluntary challenges: You were an atheist. You read items or engraved 13 times. You never engraved Elbereth. You never genocided any monsters. You never polymorphed an object. You never changed form. You used no wishes. Achievements: You entered the Gnomish Mines. You attained the rank of Sightseer. You entered a shop. You attained the rank of Excursionist. The Dungeons of Doom: levels 1 to 6 Level 1: Level 2: Stairs down to The Gnomish Mines. Level 3: Level 4: A general store, a fountain. Level 5: A fountain. Level 6: The Gnomish Mines: levels 3 to 4 Level 3: Level 4: <- You were here. A grave. Final resting place for you, killed by a killer bee, Wolf4268-Hea-Hum-Fem-Neu, killed by a gnome. Game over: ---------- / \ / REST \ / IN \ / PEACE \ / \ | elenmirie | | 2717 Au | | killed by a | | killer bee | | | | | | 2022 | *| * * * | * _________)/\\_//(\/(/\)/\//\/|_)_______ Aloha elenmirie the Tourist... You died in The Gnomish Mines on dungeon level 4 with 4030 points, and 2717 pieces of gold, after 5478 moves. You were level 6 with a maximum of 58 hit points when you died.